 Dungeon Crawl Stone Soup version 0.21.1-1-g345015fe64 (webtiles) character file.

12227 RaHiT the Covert (level 11, -1/81 HPs)
             Began as a Vampire Assassin on Mar 7, 2018.
             Was a Follower of Uskayaw.
             Killed from afar by a gargoyle (15 damage)
             ... with a stone arrow
             ... on level 10 of the Dungeon.
             The game lasted 01:05:56 (12143 turns).

RaHiT the Covert (Vampire Assassin)                Turns: 12143, Time: 01:05:56

Health: -1/81      AC: 11    Str: 10      XL:     11   Next: 59%
Magic:  15/15      EV: 16    Int:  7 (10) God:    Uskayaw [*.....]
Gold:   1095       SH:  0    Dex: 18 (19) Spells: 10/10 levels left

rFire    . . .     SeeInvis +   a - +2 dagger (elec)
rCold    . . .     Gourm    .   (no shield)
rNeg     . . .     Faith    .   L - +2 robe {MR+}
rPois    .         Spirit   .   o - +0 helmet
rElec    +         Reflect  .   d - +0 cloak
rCorr    .         Harm     .   w - +2 pair of gloves "Wuukhluzi" {rElec Int-4 Stlth+}
MR       ++...                  F - +0 pair of boots
Stlth    ++++++....             (no amulet)
HPRegen  0.43/turn              s - +2 ring of slaying
MPRegen  0.14/turn              (no ring)

@: regenerating quickly
A: fangs 3, see invisible, unbreathing
a: Stomp, Renounce Religion


You were on level 10 of the Dungeon.
You worshipped Uskayaw.
Uskayaw was noncommittal.
You were full.

You visited 2 branches of the dungeon, and saw 11 of its levels.
You also visited: Sewer and Bailey.

You collected 1095 gold pieces.

Inventory:

Hand Weapons
 a - a +2 dagger of electrocution (weapon)
 b - a +0 blowgun
 c - the +7 spear of the Inferno {pierce, *Drain MR+ Str+5, unknown}
   (You found it in a bailey)

   It inflicts extra damage upon your enemies.
   It affects your strength (+5).
   It affects your resistance to hostile enchantments.
   It causes draining when unequipped.
 k - a +0 short sword of draining
 z - a +0 rapier
 D - a +0 dagger of venom
Missiles
 e - 8 poisoned needles
 i - 7 tomahawks (quivered)
Armour
 d - a +0 cloak (worn)
 o - a +0 helmet (worn)
 w - the +2 pair of gloves "Wuukhluzi" (worn) {rElec Int-4 Stlth+}
   (You found it on level 5 of the Dungeon)

   It affects your intelligence (-4).
   It insulates you from electricity.
   It makes you more stealthy.
 y - a +0 shield
 A - a +2 leather armour of poison resistance
 F - a +0 pair of boots (worn)
 L - a +2 robe of magic resistance (worn)
Jewellery
 s - a +2 ring of slaying (left hand)
 u - an uncursed ring of fire
Wands
 x - a wand of flame (17)
 N - a wand of iceblast (9)
Scrolls
 f - a scroll of vulnerability
 j - 2 scrolls of immolation
 n - a scroll of fog
 p - 4 scrolls of enchant weapon
 r - 4 scrolls of teleportation
 I - 2 scrolls of remove curse
Potions
 g - 22 potions of blood
 h - 3 potions of lignification
 q - 3 potions of brilliance
 t - 5 potions of flight
Books
 M - a book of Flames

   Spells                             Type                      Level
   a - Flame Tongue                   Conjuration/Fire             1
   b - Throw Flame                    Conjuration/Fire             2
   c - Conjure Flame                  Conjuration/Fire             3
   d - Inner Flame                    Hexes/Fire                   3
   e - Sticky Flame                   Conjuration/Fire             4
   f - Fireball                       Conjuration/Fire             5


   Skills:
 + Level 5.8 Fighting
 + Level 7.4 Short Blades
 + Level 5.7 Throwing
 + Level 5.6 Armour
 - Level 6.0 Dodging
 + Level 11.5 Stealth
 + Level 5.2 Shields
 * Level 5.3 Invocations
 * Level 5.4 Evocations


You had 10 spell levels left.
You didn't know any spells.

Dungeon Overview and Level Annotations

Branches:
Dungeon (10/15)            Temple (1/1) D:5
   Lair: D:8-11         Orc: D:9-12

Altars:
Ashenzari
Cheibriados
Dithmenos
Elyvilon
Fedhas
Gozag
Hepliaklqana
Kikubaaqudgha
Makhleb
Nemelex Xobeh
Okawaru
Qazlal
Ru
Sif Muna
Trog
Uskayaw
Vehumet
Wu Jian
Xom
Yredelemnul
Zin
The Shining One

Shops:
D:4 :[


Innate Abilities, Weirdness & Mutations

Your natural rate of healing is unusually fast.
You have razor-sharp teeth.
You have supernaturally acute eyesight. (SInv)
You can survive without breathing.


Message History

The stone arrow misses you.
You hit the gargoyle but do no damage.
The gargoyle is severely damaged.
The gargoyle misses you.
You hit the gargoyle but do no damage.
The gargoyle is severely damaged.
You hit the gargoyle.
The gargoyle is severely damaged.
The gargoyle hurls a stone arrow at you.
The stone arrow misses you.
You barely miss the gargoyle.
The gargoyle is severely damaged.
The gargoyle barely misses you.
You hit the gargoyle but do no damage. Your bite misses the gargoyle.
The gargoyle is severely damaged.
You hit the gargoyle but do no damage.
The gargoyle is severely damaged.
The gargoyle hurls a stone arrow at you.
The stone arrow hits you!
You die...

..........................
....................(.....##
.........................#.#
.........................###
..........._............##
......................#.#
.......#........#......##
#...#.....#.###...###
#<<<.@9.#.#..#.#
################


You could see a gargoyle.

Vanquished Creatures
  Erica (D:9)
  3 two-headed ogres
  An orc knight (Bailey)
  An ugly thing (D:9)
  A troll (D:9)
  13 yaks (D:9)
  A human (D:7)
  4 hogs (D:7)
  2 hungry ghosts (D:7)
  Edmund (D:6)
  16 orc warriors
  4 sky beasts
  2 black bears
  An ice beast (D:7)
  A necrophage (D:6)
  6 ogres
  2 phantoms
  2 centaurs
  2 big kobolds
  A gnoll sergeant (D:5)
  2 bullfrogs
  4 scorpions
  3 killer bees (D:8)
  A howler monkey (D:5)
  4 wights (D:7)
  3 crimson imps
  2 centaur zombies (D:5)
  2 bullfrog zombies (D:9)
  2 hounds
  4 orc priests
  8 orc wizards
  2 quasits
  A bullfrog skeleton (D:6)
  4 jellies
  4 iguanas
  2 merfolk sirens (Sewer)
  4 worker ants
  A merfolk avatar (Sewer)
  A killer bee zombie (D:8)
  3 hound skeletons
  Robin (D:2)
  A worker ant zombie (D:5)
  11 gnolls
  2 river rats (Sewer)
  18 adders
  An ooze (D:6)
  An adder zombie (D:8)
  3 adder skeletons
  3 worms
  A dart slug (D:2)
  7 leopard geckos
  28 orcs
  4 ball pythons
  10 giant cockroaches
  20 goblins
  13 hobgoblins
  21 jackals
  20 kobolds
  7 quokkas
  6 bats
  8 frilled lizards
  A jackal skeleton (D:5)
  A leopard gecko skeleton (D:8)
  A leopard gecko zombie (D:5)
  24 rats
335 creatures vanquished.

Notes
Turn   | Place    | Note
-------+----------+-------------------------------------------
     0 | D:1      | RaHiT the Vampire Assassin began the quest for the Orb.
     0 | D:1      | Reached XP level 1. HP: 16/16 MP: 1/1
   102 | D:1      | Reached XP level 2. HP: 19/22 MP: 2/2
   204 | D:1      | Reached skill level 6 in Stealth
  1059 | D:2      | Reached XP level 3. HP: 24/27 MP: 3/3
  1171 | D:2      | Noticed Robin
  1255 | D:2      | Killed Robin
  1493 | D:2      | Reached XP level 4. HP: 28/33 MP: 4/4
  1563 | D:2      | Reached skill level 1 in Armour
  2221 | D:3      | Reached XP level 5. HP: 39/39 MP: 5/5
  2925 | D:4      | Found Kuhysuar's Book Shoppe.
  3032 | D:4      | Found a glowing drain.
  3041 | Sewer    | Entered a sewer
  3564 | Sewer    | Reached XP level 6. HP: 46/46 MP: 6/6
  3876 | D:4      | Found an opulent altar of Gozag.
  4200 | D:4      | Reached skill level 1 in Evocations
  4302 | D:4      | Found Acysoo's Armour Shoppe.
  4358 | D:4      | Reached XP level 7. HP: 51/52 MP: 7/7
  4515 | D:5      | Entered Level 5 of the Dungeon
  4565 | D:5      | Reached skill level 7 in Stealth
  4586 | D:5      | Got a pair of dazzling gloves
  4597 | D:5      | Identified the +2 pair of gloves "Wuukhluzi" {rElec Int-4 Stlth+} (You found it on level 5 of the Dungeon)
  4675 | D:5      | Found a staircase to the Ecumenical Temple.
  4685 | Temple   | Entered the Ecumenical Temple
  4916 | Temple   | Became a worshipper of Uskayaw the Reveler
  4941 | D:5      | Reached * piety under Uskayaw
  4943 | D:5      | Reached ** piety under Uskayaw
  5270 | D:5      | Reached *** piety under Uskayaw
  5330 | D:5      | Reached skill level 1 in Shields
  5820 | D:6      | Noticed Edmund
  5822 | D:6      | Killed Edmund
  5860 | D:6      | HP: 2/52 [orc wizard/magic dart (6)]
  6161 | D:5      | Reached XP level 8. HP: 48/58 MP: 9/9
  6583 | D:6      | Reached skill level 1 in Invocations
  6587 | D:6      | Reached **** piety under Uskayaw
  6715 | D:6      | Reached skill level 8 in Stealth
  6780 | D:6      | Found a shadowy altar of Dithmenos.
  7141 | D:7      | Got a translucent falchion
  7142 | D:7      | Identified the +6 falchion "Vampire's Curse" {venom, rN+ Stlth+} (You found it on level 7 of the Dungeon)
  7183 | D:7      | Reached XP level 9. HP: 52/66 MP: 11/11
  7296 | D:7      | Reached skill level 5 in Short Blades
  7296 | D:7      | Reached skill level 5 in Dodging
  7311 | D:7      | Reached ***** piety under Uskayaw
  7362 | D:7      | Reached skill level 9 in Stealth
  7667 | D:7      | Reached skill level 5 in Fighting
  7852 | D:7      | Noticed a two-headed ogre
  7879 | D:7      | Killed a two-headed ogre
  7879 | D:7      | Reached XP level 10. HP: 43/74 MP: 12/12
  8129 | D:8      | Reached skill level 10 in Stealth
  8270 | D:8      | Reached skill level 5 in Throwing
  9058 | D:9      | Reached skill level 5 in Armour
  9071 | D:9      | Reached ****** piety under Uskayaw
  9355 | D:9      | Noticed a brown ugly thing
  9539 | D:9      | Killed a cyan ugly thing
  9650 | D:9      | Noticed Erica
  9674 | D:9      | Killed Erica
  9759 | D:9      | Found a stormy altar of Qazlal.
  9812 | D:9      | Reached XP level 11. HP: 46/80 MP: 14/14
 10170 | D:9      | Reached skill level 11 in Stealth
 10246 | D:9      | Reached skill level 5 in Shields
 10249 | D:9      | Noticed a two-headed ogre
 10280 | D:9      | Killed a two-headed ogre
 10982 | D:9      | Reached skill level 5 in Evocations
 11108 | D:10     | Entered Level 10 of the Dungeon
 11108 | D:10     | Found a deep blue altar of Sif Muna.
 11157 | D:10     | Found a flagged portal.
 11176 | Bailey   | Entered a bailey
 11176 | Bailey   | Noticed an orc knight
 11223 | Bailey   | Reached skill level 5 in Invocations
 11705 | Bailey   | Killed an orc knight
 11876 | Bailey   | Noticed an orc knight
 11938 | Bailey   | Got a smoking spear
 11960 | D:10     | Noticed a two-headed ogre
 12023 | D:9      | Killed a two-headed ogre
 12143 | D:10     | Killed from afar by a gargoyle

Skill      XL: |  1  2  3  4  5  6  7  8  9 10 11 |
---------------+----------------------------------+-----
Stealth        | 6 7 8 9 10 11 | 11.5
Fighting       | 2 3 4 5 |  5.8
Throwing       | 2 3 4 5 |  5.7
Dodging        | 2 3 4 5 6 |  6.0
Armour         | 1 2 3 4 5 |  5.6
Short Blades   | 3 4 6 7 |  7.4
Evocations     | 1 2 3 4 5 |  5.4
Shields        | 1 2 4 5 |  5.2
Invocations    | 1 3 4 5 |  5.3

Action                   |  1- 3 |  4- 6 |  7- 9 | 10-12 || total
-------------------------+-------+-------+-------+-------++-------
Melee: Dagger            |    95 |   184 |   309 |   380 ||   968
       Bite              |     4 |    17 |    32 |    51 ||   104
       Unarmed           |       |    65 |       |       ||    65
       Falchion          |       |       |    22 |       ||    22
 Fire: Blowgun           |     5 |    47 |     3 |    86 ||   141
Throw: Stone             |    10 |       |       |       ||    10
       Tomahawk          |       |     1 |    16 |    32 ||    49
 Abil: End Transformatio |       |     4 |     1 |     5 ||    10
       Bat Form          |       |     4 |     1 |     5 ||    10
Evoke: Wand              |       |       |       |    18 ||    18
  Use: Scroll            |     4 |     4 |     5 |     4 ||    17
       Potion            |     1 |     7 |    11 |    32 ||    51
 Stab: Sleeping          |    13 |    29 |    19 |    11 ||    72
       Distracted        |       |       |     3 |     1 ||     4
       Paralysed         |       |       |     9 |    17 ||    26
       Confused          |       |       |       |     1 ||     1
  Eat: Corpse            |     1 |       |       |       ||     1
Armor: Robe              |    17 |    38 |       |    33 ||    88
       Leather armour    |       |       |    93 |    29 ||   122
Dodge: Dodged            |    35 |   166 |   196 |   215 ||   612
       Rpst.: Falchion   |       |       |     7 |       ||     7
